ARIZONA Coyotes vs VEGAS Golden Knights

Created - 23 février 2024 at 14:29

Goals
1 2 3 T
ARIZONA Coyotes 2 1 2 5
VEGAS Golden Knights 0 0 0 0
Shots
1 2 3 T
ARIZONA Coyotes 7 11 18 36
VEGAS Golden Knights 8 6 4 18

1st period

1. ARIZONA Coyotes , Sam Reinhart 10 (Auston Matthews 11, Roman Josi 21) at 7:33
2. ARIZONA Coyotes , Rickard Rakell 4 (Ryan Nugent-Hopkins 11, Mark Scheifele 10) at 14:14

Penalties :
Roman Josi (ARI) for High sticking (Minor) at 3:10, Noah Hanifin (VGK) for Tripping (Minor) at 16:41

2nd period

3. ARIZONA Coyotes , Scott Mayfield 6 (Michael Bunting 10, Ryan Hartman 8) at 16:46 (PP)

Penalties :
Auston Matthews (ARI) for Tripping (Minor) at 1:05, Olli Maatta (VGK) for Tripping (Minor) at 16:40, Alex Killorn (VGK) for Tripping (Minor) at 18:05

3rd period

4. ARIZONA Coyotes , Sam Reinhart 11 (Jonas Siegenthaler 7, Alec Martinez 5) at 2:33
5. ARIZONA Coyotes , Ryan Hartman 3 (Sam Reinhart 14, Rickard Rakell 10) at 5:22 (PP)

Penalties :
Brenden Dillon (VGK) for Tripping (Minor) at 3:36, Sebastian Aho (VGK) for Boarding (Minor) at 5:35, Adam Larsson (VGK) for Roughing (Minor) at 8:43, Jared McCann (VGK) for Tripping (Minor) at 12:04, Filip Chytil (VGK) for Interference (Minor) at 18:13

Goalie Stats

Andrei Vasilevskiy (ARI), 18 saves from 18 shots - (1,000), W, 15-4-1, 60:00 minutes
Anton Forsberg (VGK), 15 saves from 19 shots - (0,789), L, 9-9-3, 42:33 minutes
Pyotr Kochetkov (VGK), 16 saves from 17 shots - (0,941), 17:27 minutes

Players Stats for ARIZONA Coyotes

Player Name              G  A  P  +/- PIM S  H  SB GA TA FO     MP     PP MP  PK MP  
------------------------------------------------------------------------------------
Alec Martinez            0  1  1   2  0   0  1  2  0  0  0/0    17:10   0:00   2:16 
Artemi Panarin           0  0  0   2  0   2  3  0  0  0  0/1    24:10   7:54   0:00 
Auston Matthews          0  1  1   2  2   1  0  0  0  0  16/32  24:09   7:54   0:00 
Brandon Sutter           0  0  0   0  0   0  0  1  0  0  6/11    9:20   0:00   2:58 
Frederick Gaudreau       0  0  0   0  0   3  0  0  0  0  6/13    8:31   0:00   0:56 
Jonas Siegenthaler       0  1  1   2  0   0  7  0  0  0  0/0    16:36   0:00   1:42 
Mark Scheifele           0  1  1   1  0   3  0  0  0  0  7/21   20:10   7:54   0:00 
Michael Bunting          0  1  1   0  0   2  1  0  0  0  0/0    13:09   5:34   0:00 
Mikey Anderson           0  0  0   0  0   1  1  1  0  0  0/0    11:18   0:00   1:42 
Nick Bonino              0  0  0   0  0   0  0  0  0  0  0/0     6:45   0:00   0:23 
Pierre-Edouard Bellemare 0  0  0   0  0   2  1  0  0  0  1/1     6:50   0:06   0:22 
Rickard Rakell           1  1  2   1  0   1  0  0  0  0  1/1    18:20   5:39   0:25 
Roman Josi               0  1  1   1  2   3  2  0  0  0  0/0    25:57   7:59   0:00 
Ryan Hartman             1  1  2   0  0   2  2  0  0  0  0/0    13:14   5:39   0:00 
Ryan Nugent-Hopkins      0  1  1   1  0   5  2  1  0  0  1/1    23:07   7:59   2:52 
Sam Reinhart             2  1  3   2  0   7  0  0  0  0  4/8    21:49   5:33   0:00 
Scott Mayfield           1  0  1   0  0   4  0  0  0  0  0/0    16:57   5:34   0:00 
Vladislav Gavrikov       0  0  0   1  0   0  5  1  0  0  0/0    18:28   0:00   2:16 

Players Stats for VEGAS Golden Knights

Player Name              G  A  P  +/- PIM S  H  SB GA TA FO     MP     PP MP  PK MP  
------------------------------------------------------------------------------------
Adam Larsson             0  0  0  -1  2   1  9  2  0  0  0/0    23:13   0:00   6:36 
Alex Killorn             0  0  0   0  2   5  3  0  0  0  1/4    21:31   2:04   7:14 
Andrei Svechnikov        0  0  0  -2  0   1  6  0  0  0  0/0    17:56   2:30   0:00 
Brenden Dillon           0  0  0   0  2   1  1  3  0  0  0/0    16:18   0:00   5:17 
Colton Sissons           0  0  0   0  0   3  0  1  0  0  18/34  19:56   1:54   9:10 
Devin Shore              0  0  0  -1  0   0  0  0  0  0  0/0     8:25   0:00   2:28 
Evgenii Dadonov          0  0  0   0  0   1  0  0  0  0  0/2     8:52   0:00   0:00 
Filip Chytil             0  0  0   0  2   1  0  0  0  0  0/0    10:45   1:54   0:00 
Jared McCann             0  0  0   0  2   1  0  0  0  0  0/1    14:17   2:04   0:00 
Jordan Oesterle          0  0  0   0  0   0  0  0  0  0  0/0    12:40   0:00   1:38 
Mikael Granlund          0  0  0   0  0   0  1  0  0  0  13/16  14:43   1:28   1:01 
Noah Hanifin             0  0  0  -2  2   0  3  0  0  0  0/0    23:02   1:28   6:46 
Noel Acciari             0  0  0  -1  0   2  0  0  0  0  3/6     9:41   0:00   3:44 
Olli Maatta              0  0  0  -2  2   0  2  1  0  0  0/0    21:21   0:00   6:49 
Phil Di Giuseppe         0  0  0  -1  0   0  0  0  0  0  0/0     6:25   0:00   0:28 
Sebastian Aho            0  0  0  -2  2   2  5  0  0  0  12/23  20:30   2:04   3:01 
Tomas Tatar              0  0  0  -2  0   0  1  0  0  0  0/3    17:20   1:54   0:00 
Tony DeAngelo            0  0  0  -1  0   0  2  2  0  0  0/0    19:24   2:30   0:00 

3 Stars

1 - Sam Reinhart (ARI)
2 - Jonas Siegenthaler (ARI)
3 - Andrei Vasilevskiy (ARI)

Power Play

ARIZONA Coyotes - 2 on 8 Attempt(s) - 25,00%
VEGAS Golden Knights - 0 on 2 Attempt(s) - 0,00%

Penalty Kill

ARIZONA Coyotes - 2 on 2 Attempt(s) - 100,00% - Score 0 goal in Penalty Kill
VEGAS Golden Knights - 6 on 8 Attempt(s) - 75,00% - Score 0 goal in Penalty Kill

Team Stat

ARIZONA Coyotes - Hits : 25 - Faceoff Wins : 42 - Blocked Shots : 6 - Penalty Minutes : 4
VEGAS Golden Knights - Hits : 33 - Faceoff Wins : 47 - Blocked Shots : 9 - Penalty Minutes : 16

Official

Referees : Chris Lee and Cianna Lieffers
Linesman : Jonny Murray and Derek Morris

Game Notes

Pyotr Kochetkov enters game at 2:33 of 3rd period

Finance

Level 1 -- Attendance: 4506 (75,10%) -- Ticket Income $450,600
Level 2 -- Attendance: 4091 (81,82%) -- Ticket Income $245,460
Level 3 -- Attendance: 1970 (98,50%) -- Ticket Income $68,950
Level 4 -- Attendance: 2651 (66,28%) -- Ticket Income $66,275
Luxury Box -- Attendance: 745 (74,50%) -- Ticket Income $149,000
Game was played at the T-Mobile Arena.
Total Attendance: 13963 (77,57%)
Total Ticket Income: $980,285
Other Income: $245,071
Total Income: $1,225,356

ARIZONA Coyotes

5 vs 5 Forward 
   Center                   Left Wing                Right Wing               Time % Phy DF OF 
 1 Auston Matthews          Artemi Panarin           Sam Reinhart             52     1   1  3  
 2 Mark Scheifele           Ryan Nugent-Hopkins      Rickard Rakell           40     1   1  3  
 3 Frederick Gaudreau       Michael Bunting          Ryan Hartman             8      1   2  2  
 4 Brandon Sutter           Nick Bonino              Pierre-Edouard Bellemare 0      2   3  0  

5 vs 5 Defense 
   Defense                  Defense                                           Time % Phy DF OF 
 1 Roman Josi               Vladislav Gavrikov                                50     1   2  2  
 2 Alec Martinez            Jonas Siegenthaler                                30     1   2  2  
 3 Mikey Anderson           Scott Mayfield                                    20     1   2  2  
 4 Roman Josi               Scott Mayfield                                    0      1   2  2  

PowerPlay Forward 
   Center                   Left Wing                Right Wing               Time % Phy DF OF 
 1 Auston Matthews          Artemi Panarin           Mark Scheifele           80     0   1  4  
 2 Sam Reinhart             Rickard Rakell           Ryan Hartman             20     1   1  3  

PowerPlay Defense
   Defense                  Defense                                           Time % Phy DF OF 
 1 Roman Josi               Ryan Nugent-Hopkins                               80     0   2  3  
 2 Scott Mayfield           Michael Bunting                                   20     1   2  2  

Penalty Kill 4 Players Forward 
   Center                   Wing                     Time % Phy DF OF 
 1 Brandon Sutter           Ryan Nugent-Hopkins      70     1   3  1  
 2 Frederick Gaudreau       Nick Bonino              30     1   4  0  

Penalty Kill 4 Players Defense
   Defense                  Defense                  Time % Phy DF OF 
 1 Vladislav Gavrikov       Alec Martinez            69     1   3  1  
 2 Mikey Anderson           Jonas Siegenthaler       31     2   3  0  

Penalty Kill - 3 Players Forward 
   Forward                                           Time % Phy DF OF 
 1 Brandon Sutter                                    60     1   4  0  
 2 Frederick Gaudreau                                40     1   3  1  

Penalty Kill - 3 Players Defense
   Defense                  Defense                  Time % Phy DF OF 
 1 Scott Mayfield           Alec Martinez            60     2   3  0  
 2 Scott Mayfield           Jonas Siegenthaler       40     2   3  0  

4 vs 4 Forward 
   Center                   Wing                     Time % Phy DF OF 
 1 Auston Matthews          Artemi Panarin           60     1   2  2  
 2 Mark Scheifele           Ryan Nugent-Hopkins      40     1   2  2  

4 vs 4 Defense
   Defense                  Defense                  Time % Phy DF OF 
 1 Roman Josi               Scott Mayfield           60     1   2  2  
 2 Alec Martinez            Jonas Siegenthaler       40     1   2  2  

Last Minutes Offensive
   Center                   Left Wing                Right Wing               Defense                  Defense                  
   Auston Matthews          Artemi Panarin           Sam Reinhart             Roman Josi               Ryan Nugent-Hopkins      

Last Minutes Defensive
   Center                   Left Wing                Right Wing               Defense                  Defense                  
   Brandon Sutter           Frederick Gaudreau       Pierre-Edouard Bellemare Vladislav Gavrikov       Alec Martinez            

Goaltenders
Starting : Andrei Vasilevskiy       
Backup : Kevin Lankinen           

Extra Forwards
Normal : Michael Bunting, Artemi Panarin, Frederick Gaudreau - PP : Michael Bunting, Artemi Panarin - PK : Frederick Gaudreau
Extra Defensemen
Normal : Mikey Anderson, Vladislav Gavrikov, Alec Martinez - PP : Mikey Anderson - PK : Vladislav Gavrikov, Alec Martinez
Penalty Shots
Auston Matthews, Ryan Nugent-Hopkins, Mark Scheifele, Sam Reinhart, Rickard Rakell

Scratches
Morgan Frost (Healthy)

VEGAS Golden Knights

5 vs 5 Forward 
   Center                   Left Wing                Right Wing               Time % Phy DF OF 
 1 Sebastian Aho            Andrei Svechnikov        Tomas Tatar              36     0   2  3  
 2 Mikael Granlund          Jared McCann             Alex Killorn             30     0   2  3  
 3 Colton Sissons           Filip Chytil             Evgenii Dadonov          25     0   2  3  
 4 Noel Acciari             Phil Di Giuseppe         Devin Shore              9      1   2  2  

5 vs 5 Defense 
   Defense                  Defense                                           Time % Phy DF OF 
 1 Adam Larsson             Tony DeAngelo                                     40     1   2  2  
 2 Noah Hanifin             Olli Maatta                                       33     1   2  2  
 3 Brenden Dillon           Jordan Oesterle                                   22     1   2  2  
 4 Adam Larsson             Noah Hanifin                                      5      1   2  2  

PowerPlay Forward 
   Center                   Left Wing                Right Wing               Time % Phy DF OF 
 1 Sebastian Aho            Jared McCann             Alex Killorn             65     0   1  4  
 2 Colton Sissons           Filip Chytil             Tomas Tatar              35     0   2  3  

PowerPlay Defense
   Defense                  Defense                                           Time % Phy DF OF 
 1 Andrei Svechnikov        Tony DeAngelo                                     65     0   1  4  
 2 Mikael Granlund          Noah Hanifin                                      35     0   2  3  

Penalty Kill 4 Players Forward 
   Center                   Wing                     Time % Phy DF OF 
 1 Colton Sissons           Alex Killorn             60     1   3  1  
 2 Noel Acciari             Sebastian Aho            40     1   3  1  

Penalty Kill 4 Players Defense
   Defense                  Defense                  Time % Phy DF OF 
 1 Adam Larsson             Noah Hanifin             60     1   3  1  
 2 Brenden Dillon           Olli Maatta              40     1   3  1  

Penalty Kill - 3 Players Forward 
   Forward                                           Time % Phy DF OF 
 1 Colton Sissons                                    60     0   5  0  
 2 Sebastian Aho                                     40     0   5  0  

Penalty Kill - 3 Players Defense
   Defense                  Defense                  Time % Phy DF OF 
 1 Adam Larsson             Noah Hanifin             60     0   5  0  
 2 Brenden Dillon           Olli Maatta              40     0   5  0  

4 vs 4 Forward 
   Center                   Wing                     Time % Phy DF OF 
 1 Sebastian Aho            Alex Killorn             60     1   2  2  
 2 Mikael Granlund          Jared McCann             40     1   2  2  

4 vs 4 Defense
   Defense                  Defense                  Time % Phy DF OF 
 1 Adam Larsson             Tony DeAngelo            60     1   2  2  
 2 Noah Hanifin             Brenden Dillon           40     1   2  2  

Last Minutes Offensive
   Center                   Left Wing                Right Wing               Defense                  Defense                  
   Sebastian Aho            Jared McCann             Alex Killorn             Tony DeAngelo            Noah Hanifin             

Last Minutes Defensive
   Center                   Left Wing                Right Wing               Defense                  Defense                  
   Sebastian Aho            Colton Sissons           Alex Killorn             Adam Larsson             Noah Hanifin             

Goaltenders
Starting : Anton Forsberg           
Backup : Pyotr Kochetkov          

Extra Forwards
Normal : Jared McCann, Sebastian Aho, Alex Killorn - PP : Sebastian Aho, Mikael Granlund - PK : Colton Sissons
Extra Defensemen
Normal : Adam Larsson, Noah Hanifin, Brenden Dillon - PP : Tony DeAngelo - PK : Adam Larsson, Noah Hanifin
Penalty Shots
Sebastian Aho, Jared McCann, Andrei Svechnikov, Alex Killorn, Tomas Tatar

Scratches
Mike Reilly (Healthy)

% Time on Ice - ARIZONA Coyotes

Lines # - Real PCT - Wanted PCT - Time Play
Normal Forward
1 - 38% - 52% - 16:16
2 - 29% - 40% - 12:16
3 - 18% - 8% - 7:35
4 - 15% - 0% - 6:22
Normal Defense
1 - 38% - 50% - 16:12
2 - 35% - 30% - 14:54
3 - 23% - 20% - 9:36
4 - 4% - 0% - 1:47
PP Forward
1 - 58% - 80% - 7:54
2 - 42% - 20% - 5:39
PP Defense
1 - 59% - 80% - 7:59
2 - 41% - 20% - 5:34
PK Forward
1 - 90% - 70% - 3:35
2 - 10% - 30% - 0:23
PK Defense
1 - 57% - 69% - 2:16
2 - 43% - 31% - 1:42
PK3 Forward
1 - 0% - 60%
2 - 0% - 40%
PK3 Defense
1 - 0% - 60%
2 - 0% - 40%
44 Forward
1 - 0% - 60%
2 - 0% - 40%
44 Defense
1 - 0% - 60%
2 - 0% - 40%
Last Minute Offensive  - 0:00
Last Minute Defensive  - 0:00
Total
Forward - 60:00
Defense - 60:00

% Time on Ice - VEGAS Golden Knights

Lines # - Real PCT - Wanted PCT - Time Play
Normal Forward
1 - 36% - 36% - 15:26
2 - 29% - 30% - 12:14
3 - 21% - 25% - 8:52
4 - 14% - 9% - 5:57
Normal Defense
1 - 40% - 40% - 16:54
2 - 34% - 33% - 14:33
3 - 26% - 22% - 11:02
4 - 0% - 5% - 0:00
PP Forward
1 - 52% - 65% - 2:04
2 - 48% - 35% - 1:54
PP Defense
1 - 63% - 65% - 2:30
2 - 37% - 35% - 1:28
PK Forward
1 - 72% - 60% - 9:49
2 - 28% - 40% - 3:44
PK Defense
1 - 65% - 60% - 8:48
2 - 35% - 40% - 4:45
PK3 Forward
1 - 0% - 60%
2 - 0% - 40%
PK3 Defense
1 - 0% - 60%
2 - 0% - 40%
44 Forward
1 - 0% - 60%
2 - 0% - 40%
44 Defense
1 - 0% - 60%
2 - 0% - 40%
Last Minute Offensive  - 0:00
Last Minute Defensive  - 0:00
Total
Forward - 60:00
Defense - 60:00

Play-by-Play

1st period


0:01 of 1st period - Auston Matthews wins face-off versus Tomas Tatar in neutral zone.
0:24 of 1st period - Shot by Sam Reinhart.
0:24 of 1st period - Shot Misses the Net.
0:43 of 1st period - Auston Matthews is hit by Sebastian Aho and loses puck.
0:47 of 1st period - Vladislav Gavrikov is hit by Adam Larsson and loses puck.
2:15 of 1st period - Shot by Frederick Gaudreau.
2:15 of 1st period - Stopped by Anton Forsberg with a rebound.
2:17 of 1st period - Shot by Frederick Gaudreau.
2:17 of 1st period - Shot Misses the Net.
2:26 of 1st period - Icing by Olli Maatta.
2:27 of 1st period - Mikael Granlund wins face-off versus Auston Matthews in VEGAS Golden Knights zone.
2:27 of 1st period - Mikael Granlund is hit by Artemi Panarin.
3:09 of 1st period - Colton Sissons is hit by Vladislav Gavrikov and loses puck.
3:10 of 1st period - Minor Penalty to Roman Josi for High sticking.
3:11 of 1st period - Colton Sissons wins face-off versus Brandon Sutter in ARIZONA Coyotes zone.
3:11 of 1st period - Tomas Tatar is hit by Mikey Anderson and loses puck.
3:20 of 1st period - Shot by Andrei Svechnikov.
3:20 of 1st period - Shot Misses the Net.
3:22 of 1st period - Shot by Filip Chytil.
3:22 of 1st period - Shot Blocked by Brandon Sutter.
3:24 of 1st period - Shot by Andrei Svechnikov.
3:24 of 1st period - Shot Misses the Net.
3:26 of 1st period - Shot by Colton Sissons.
3:26 of 1st period - Stopped by Andrei Vasilevskiy without a rebound.
3:27 of 1st period - Brandon Sutter wins face-off versus Tomas Tatar in ARIZONA Coyotes zone.
3:36 of 1st period - Andrei Svechnikov is hit by Ryan Nugent-Hopkins and loses puck.
4:20 of 1st period - Off-side.
4:21 of 1st period - Sebastian Aho wins face-off versus Brandon Sutter in neutral zone.
4:32 of 1st period - Off-side.
4:33 of 1st period - Frederick Gaudreau wins face-off versus Sebastian Aho in neutral zone.
4:41 of 1st period - Icing by Sebastian Aho.
4:42 of 1st period - Brandon Sutter wins face-off versus Sebastian Aho in VEGAS Golden Knights zone.
5:04 of 1st period - Off-side.
5:05 of 1st period - Frederick Gaudreau wins face-off versus Jared McCann in neutral zone.
5:20 of 1st period - Shot by Phil Di Giuseppe.
5:20 of 1st period - Shot Misses the Net.
5:29 of 1st period - Icing by Roman Josi.
5:30 of 1st period - Sebastian Aho wins face-off versus Auston Matthews in ARIZONA Coyotes zone.
5:45 of 1st period - Shot by Sebastian Aho.
5:45 of 1st period - Stopped by Andrei Vasilevskiy with a rebound.
5:57 of 1st period - Adam Larsson is hit by Artemi Panarin and loses puck.
6:06 of 1st period - Sam Reinhart is hit by Andrei Svechnikov and loses puck.
6:16 of 1st period - Off-side.
6:17 of 1st period - Mark Scheifele wins face-off versus Colton Sissons in neutral zone.
6:21 of 1st period - Off-side.
6:22 of 1st period - Mark Scheifele wins face-off versus Colton Sissons in neutral zone.
6:24 of 1st period - Off-side.
6:25 of 1st period - Colton Sissons wins face-off versus Mark Scheifele in neutral zone.
6:27 of 1st period - Noah Hanifin is hit by Ryan Nugent-Hopkins and loses puck.
6:44 of 1st period - Shot by Colton Sissons.
6:44 of 1st period - Shot Misses the Net.
6:46 of 1st period - Shot by Colton Sissons.
6:46 of 1st period - Shot Misses the Net.
6:48 of 1st period - Shot by Colton Sissons.
6:48 of 1st period - Deflect By Evgenii Dadonov.
6:48 of 1st period - Shot Blocked by Ryan Nugent-Hopkins.
7:05 of 1st period - Evgenii Dadonov is hit by Alec Martinez and loses puck.
7:08 of 1st period - Shot by Colton Sissons.
7:08 of 1st period - Shot Misses the Net.
7:15 of 1st period - Icing by Jonas Siegenthaler.
7:16 of 1st period - Sebastian Aho wins face-off versus Mark Scheifele in ARIZONA Coyotes zone.
7:16 of 1st period - Tomas Tatar is hit by Jonas Siegenthaler and loses puck.
7:21 of 1st period - Shot by Sebastian Aho.
7:21 of 1st period - Deflect By Andrei Svechnikov.
7:21 of 1st period - Stopped by Andrei Vasilevskiy without a rebound.
7:22 of 1st period - Sebastian Aho wins face-off versus Auston Matthews in ARIZONA Coyotes zone.
7:31 of 1st period - Shot by Auston Matthews.
7:31 of 1st period - Shot Misses the Net.
7:33 of 1st period - Shot by Sam Reinhart.
7:33 of 1st period - Goal by Sam Reinhart - ARIZONA Coyotes : 1 - VEGAS Golden Knights : 0.
7:34 of 1st period - Mikael Granlund wins face-off versus Brandon Sutter in neutral zone.
7:42 of 1st period - Brenden Dillon is hit by Pierre-Edouard Bellemare and loses puck.
7:56 of 1st period - Icing by Roman Josi.
7:57 of 1st period - Brandon Sutter wins face-off versus Tomas Tatar in ARIZONA Coyotes zone.
7:57 of 1st period - Brandon Sutter is hit by Andrei Svechnikov.
8:20 of 1st period - Nick Bonino is hit by Tony DeAngelo and loses puck.
9:33 of 1st period - Shot by Sam Reinhart.
9:33 of 1st period - Stopped by Anton Forsberg without a rebound.
9:34 of 1st period - Mikael Granlund wins face-off versus Mark Scheifele in VEGAS Golden Knights zone.
9:44 of 1st period - Alex Killorn is hit by Jonas Siegenthaler and loses puck.
9:59 of 1st period - Shot by Mark Scheifele.
9:59 of 1st period - Shot Misses the Net.
10:10 of 1st period - Shot by Alex Killorn.
10:10 of 1st period - Shot Blocked by Alec Martinez.
11:09 of 1st period - Icing by Tomas Tatar.
11:10 of 1st period - Frederick Gaudreau wins face-off versus Sebastian Aho in VEGAS Golden Knights zone.
11:46 of 1st period - Ryan Hartman is hit by Adam Larsson and loses puck.
12:19 of 1st period - Shot by Alex Killorn.
12:19 of 1st period - Stopped by Andrei Vasilevskiy without a rebound.
12:20 of 1st period - Colton Sissons wins face-off versus Mark Scheifele in ARIZONA Coyotes zone.
12:37 of 1st period - Shot by Evgenii Dadonov.
12:37 of 1st period - Shot Misses the Net.
12:48 of 1st period - Filip Chytil is hit by Jonas Siegenthaler and loses puck.
12:53 of 1st period - Shot by Colton Sissons.
12:53 of 1st period - Stopped by Andrei Vasilevskiy without a rebound.
12:54 of 1st period - Mikael Granlund wins face-off versus Auston Matthews in ARIZONA Coyotes zone.
12:57 of 1st period - Shot by Alex Killorn.
12:57 of 1st period - Stopped by Andrei Vasilevskiy without a rebound.
12:58 of 1st period - Noel Acciari wins face-off versus Auston Matthews in ARIZONA Coyotes zone.
13:01 of 1st period - Shot by Noel Acciari.
13:01 of 1st period - Shot Blocked by Vladislav Gavrikov.
13:21 of 1st period - Shot by Auston Matthews.
13:21 of 1st period - Shot Misses the Net.
14:14 of 1st period - Shot by Ryan Nugent-Hopkins.
14:14 of 1st period - Deflect By Rickard Rakell.
14:14 of 1st period - Goal by Rickard Rakell - ARIZONA Coyotes : 2 - VEGAS Golden Knights : 0.
14:15 of 1st period - Frederick Gaudreau wins face-off versus Mikael Granlund in neutral zone.
14:15 of 1st period - Scott Mayfield is hit by Mikael Granlund and loses puck.
14:19 of 1st period - Ryan Hartman is hit by Adam Larsson and loses puck.
14:24 of 1st period - Shot by Ryan Hartman.
14:24 of 1st period - Shot Misses the Net.
14:26 of 1st period - Shot by Michael Bunting.
14:26 of 1st period - Stopped by Anton Forsberg without a rebound.
14:27 of 1st period - Colton Sissons wins face-off versus Mark Scheifele in VEGAS Golden Knights zone.
15:03 of 1st period - Filip Chytil is hit by Jonas Siegenthaler and loses puck.
15:06 of 1st period - Shot by Filip Chytil.
15:06 of 1st period - Shot Misses the Net.
15:08 of 1st period - Shot by Brenden Dillon.
15:08 of 1st period - Shot Blocked by Alec Martinez.
15:10 of 1st period - Shot by Brenden Dillon.
15:10 of 1st period - Stopped by Andrei Vasilevskiy without a rebound.
15:11 of 1st period - Auston Matthews wins face-off versus Alex Killorn in ARIZONA Coyotes zone.
15:11 of 1st period - Artemi Panarin is hit by Alex Killorn and loses puck.
15:33 of 1st period - Mikael Granlund is hit by Vladislav Gavrikov and loses puck.
15:48 of 1st period - Shot by Sam Reinhart.
15:48 of 1st period - Stopped by Anton Forsberg with a rebound.
16:16 of 1st period - Icing by Michael Bunting.
16:17 of 1st period - Frederick Gaudreau wins face-off versus Sebastian Aho in ARIZONA Coyotes zone.
16:17 of 1st period - Scott Mayfield is hit by Andrei Svechnikov and loses puck.
16:31 of 1st period - Michael Bunting is hit by Noah Hanifin and loses puck.
16:40 of 1st period - Shot by Frederick Gaudreau.
16:40 of 1st period - Shot Blocked by Olli Maatta.
16:41 of 1st period - Minor Penalty to Noah Hanifin for Tripping.
16:42 of 1st period - Auston Matthews wins face-off versus Alex Killorn in VEGAS Golden Knights zone.
16:47 of 1st period - Shot by Mark Scheifele.
16:47 of 1st period - Shot Blocked by Brenden Dillon.
17:03 of 1st period - Shot by Artemi Panarin.
17:03 of 1st period - Deflect By Auston Matthews.
17:03 of 1st period - Stopped by Anton Forsberg with a rebound.
17:15 of 1st period - Shot by Ryan Nugent-Hopkins.
17:15 of 1st period - Shot Blocked by Adam Larsson.
17:45 of 1st period - Shot by Scott Mayfield.
17:45 of 1st period - Shot Blocked by Brenden Dillon.
18:09 of 1st period - Shot by Michael Bunting.
18:09 of 1st period - Deflect By Sam Reinhart.
18:09 of 1st period - Shot Blocked by Brenden Dillon.
18:56 of 1st period - Shot by Sebastian Aho.
18:56 of 1st period - Stopped by Andrei Vasilevskiy without a rebound.
18:57 of 1st period - Brandon Sutter wins face-off versus Noel Acciari in ARIZONA Coyotes zone.
Goals for this period are 2 for ARIZONA Coyotes vs 0 for VEGAS Golden Knights.
Shots for this period are 7 for ARIZONA Coyotes vs 8 for VEGAS Golden Knights.

2nd period


0:01 of 2nd period - Mikael Granlund wins face-off versus Auston Matthews in neutral zone.
0:21 of 2nd period - Mikael Granlund is hit by Vladislav Gavrikov and loses puck.
0:28 of 2nd period - Shot by Auston Matthews.
0:28 of 2nd period - Deflect By Artemi Panarin.
0:28 of 2nd period - Stopped by Anton Forsberg without a rebound.
0:29 of 2nd period - Mark Scheifele wins face-off versus Sebastian Aho in VEGAS Golden Knights zone.
0:38 of 2nd period - Scott Mayfield is hit by Andrei Svechnikov.
0:39 of 2nd period - Icing by Scott Mayfield.
0:40 of 2nd period - Colton Sissons wins face-off versus Mark Scheifele in ARIZONA Coyotes zone.
0:43 of 2nd period - Shot by Filip Chytil.
0:43 of 2nd period - Deflect By Evgenii Dadonov.
0:43 of 2nd period - Stopped by Andrei Vasilevskiy without a rebound.
0:44 of 2nd period - Auston Matthews wins face-off versus Colton Sissons in ARIZONA Coyotes zone.
1:05 of 2nd period - Minor Penalty to Auston Matthews for Tripping.
1:06 of 2nd period - Sebastian Aho wins face-off versus Brandon Sutter in ARIZONA Coyotes zone.
1:06 of 2nd period - Jared McCann is hit by Vladislav Gavrikov and loses puck.
1:15 of 2nd period - Shot by Jared McCann.
1:15 of 2nd period - Stopped by Andrei Vasilevskiy without a rebound.
1:16 of 2nd period - Brandon Sutter wins face-off versus Sebastian Aho in ARIZONA Coyotes zone.
1:45 of 2nd period - Shot by Sebastian Aho.
1:45 of 2nd period - Shot Misses the Net.
2:12 of 2nd period - Icing by Tony DeAngelo.
2:13 of 2nd period - Sebastian Aho wins face-off versus Frederick Gaudreau in VEGAS Golden Knights zone.
3:00 of 2nd period - Shot by Tomas Tatar.
3:00 of 2nd period - Shot Hit the Post.
3:15 of 2nd period - Noel Acciari is hit by Roman Josi and loses puck.
3:29 of 2nd period - Phil Di Giuseppe is hit by Roman Josi and loses puck.
3:44 of 2nd period - Shot by Noel Acciari.
3:44 of 2nd period - Stopped by Andrei Vasilevskiy without a rebound.
3:45 of 2nd period - Sebastian Aho wins face-off versus Frederick Gaudreau in ARIZONA Coyotes zone.
3:45 of 2nd period - Andrei Svechnikov is hit by Jonas Siegenthaler and loses puck.
4:06 of 2nd period - Adam Larsson is hit by Michael Bunting and loses puck.
4:16 of 2nd period - Off-side.
4:17 of 2nd period - Mark Scheifele wins face-off versus Mikael Granlund in neutral zone.
5:45 of 2nd period - Off-side.
5:46 of 2nd period - Sebastian Aho wins face-off versus Frederick Gaudreau in neutral zone.
5:49 of 2nd period - Ryan Hartman is hit by Andrei Svechnikov and loses puck.
5:55 of 2nd period - Ryan Hartman is hit by Andrei Svechnikov and loses puck.
6:06 of 2nd period - Michael Bunting is hit by Tomas Tatar and loses puck.
6:27 of 2nd period - Shot by Frederick Gaudreau.
6:27 of 2nd period - Stopped by Anton Forsberg with a rebound.
6:29 of 2nd period - Shot by Jonas Siegenthaler.
6:29 of 2nd period - Shot Hit the Post.
6:43 of 2nd period - Shot by Sam Reinhart.
6:43 of 2nd period - Shot Blocked by Adam Larsson.
6:55 of 2nd period - Shot by Auston Matthews.
6:55 of 2nd period - Shot Misses the Net.
7:24 of 2nd period - Icing by Tony DeAngelo.
7:25 of 2nd period - Mark Scheifele wins face-off versus Sebastian Aho in VEGAS Golden Knights zone.
7:34 of 2nd period - Shot by Mark Scheifele.
7:34 of 2nd period - Shot Misses the Net.
7:36 of 2nd period - Shot by Vladislav Gavrikov.
7:36 of 2nd period - Shot Blocked by Tony DeAngelo.
7:52 of 2nd period - Shot by Ryan Nugent-Hopkins.
7:52 of 2nd period - Stopped by Anton Forsberg without a rebound.
7:53 of 2nd period - Alex Killorn wins face-off versus Frederick Gaudreau in VEGAS Golden Knights zone.
7:53 of 2nd period - Jared McCann is hit by Ryan Hartman and loses puck.
8:16 of 2nd period - Shot by Michael Bunting.
8:16 of 2nd period - Stopped by Anton Forsberg without a rebound.
8:17 of 2nd period - Auston Matthews wins face-off versus Evgenii Dadonov in VEGAS Golden Knights zone.
8:25 of 2nd period - Icing by Colton Sissons.
8:26 of 2nd period - Auston Matthews wins face-off versus Evgenii Dadonov in VEGAS Golden Knights zone.
8:39 of 2nd period - Shot by Filip Chytil.
8:39 of 2nd period - Stopped by Andrei Vasilevskiy without a rebound.
8:40 of 2nd period - Mikael Granlund wins face-off versus Mark Scheifele in ARIZONA Coyotes zone.
8:53 of 2nd period - Shot by Mark Scheifele.
8:53 of 2nd period - Stopped by Anton Forsberg without a rebound.
8:54 of 2nd period - Auston Matthews wins face-off versus Colton Sissons in VEGAS Golden Knights zone.
8:57 of 2nd period - Shot by Artemi Panarin.
8:57 of 2nd period - Stopped by Anton Forsberg without a rebound.
8:58 of 2nd period - Mikael Granlund wins face-off versus Auston Matthews in VEGAS Golden Knights zone.
11:39 of 2nd period - Olli Maatta is hit by Vladislav Gavrikov and loses puck.
11:56 of 2nd period - Shot by Pierre-Edouard Bellemare.
11:56 of 2nd period - Stopped by Anton Forsberg without a rebound.
11:57 of 2nd period - Mikael Granlund wins face-off versus Auston Matthews in VEGAS Golden Knights zone.
12:06 of 2nd period - Shot by Jared McCann.
12:06 of 2nd period - Shot Misses the Net.
12:10 of 2nd period - Shot by Alex Killorn.
12:10 of 2nd period - Stopped by Andrei Vasilevskiy without a rebound.
12:11 of 2nd period - Colton Sissons wins face-off versus Mark Scheifele in ARIZONA Coyotes zone.
12:56 of 2nd period - Mark Scheifele is hit by Adam Larsson and loses puck.
13:14 of 2nd period - Artemi Panarin is hit by Adam Larsson.
13:27 of 2nd period - Auston Matthews is hit by Tony DeAngelo and loses puck.
13:35 of 2nd period - Icing by Tony DeAngelo.
13:36 of 2nd period - Colton Sissons wins face-off versus Frederick Gaudreau in VEGAS Golden Knights zone.
14:27 of 2nd period - Icing by Noah Hanifin.
14:28 of 2nd period - Sebastian Aho wins face-off versus Auston Matthews in VEGAS Golden Knights zone.
14:44 of 2nd period - Icing by Noah Hanifin.
14:45 of 2nd period - Sebastian Aho wins face-off versus Mark Scheifele in VEGAS Golden Knights zone.
16:28 of 2nd period - Icing by Vladislav Gavrikov.
16:29 of 2nd period - Sebastian Aho wins face-off versus Auston Matthews in ARIZONA Coyotes zone.
16:40 of 2nd period - Minor Penalty to Olli Maatta for Tripping.
16:41 of 2nd period - Pierre-Edouard Bellemare wins face-off versus Colton Sissons in VEGAS Golden Knights zone.
16:44 of 2nd period - Shot by Michael Bunting.
16:44 of 2nd period - Shot Misses the Net.
16:46 of 2nd period - Shot by Scott Mayfield.
16:46 of 2nd period - Goal by Scott Mayfield - ARIZONA Coyotes : 3 - VEGAS Golden Knights : 0.
16:47 of 2nd period - Mikael Granlund wins face-off versus Mark Scheifele in neutral zone.
17:12 of 2nd period - Shot by Alex Killorn.
17:12 of 2nd period - Stopped by Andrei Vasilevskiy without a rebound.
17:13 of 2nd period - Frederick Gaudreau wins face-off versus Sebastian Aho in ARIZONA Coyotes zone.
17:22 of 2nd period - Shot by Michael Bunting.
17:22 of 2nd period - Deflect By Ryan Hartman.
17:22 of 2nd period - Stopped by Anton Forsberg with a rebound.
17:50 of 2nd period - Shot by Tomas Tatar.
17:50 of 2nd period - Shot Blocked by Mikey Anderson.
18:05 of 2nd period - Minor Penalty to Alex Killorn for Tripping.
18:06 of 2nd period - Colton Sissons wins face-off versus Auston Matthews in VEGAS Golden Knights zone.
18:23 of 2nd period - Shot by Roman Josi.
18:23 of 2nd period - Shot Misses the Net.
18:25 of 2nd period - Shot by Ryan Nugent-Hopkins.
18:25 of 2nd period - Stopped by Anton Forsberg without a rebound.
18:26 of 2nd period - Auston Matthews wins face-off versus Colton Sissons in VEGAS Golden Knights zone.
18:27 of 2nd period - Shot by Ryan Nugent-Hopkins.
18:27 of 2nd period - Shot Misses the Net.
19:39 of 2nd period - Shot by Sam Reinhart.
19:39 of 2nd period - Stopped by Anton Forsberg without a rebound.
19:40 of 2nd period - Colton Sissons wins face-off versus Artemi Panarin in VEGAS Golden Knights zone.
19:53 of 2nd period - Shot by Colton Sissons.
19:53 of 2nd period - Shot Misses the Net.
19:58 of 2nd period - Roman Josi is hit by Adam Larsson and loses puck.
Goals for this period are 1 for ARIZONA Coyotes vs 0 for VEGAS Golden Knights.
Shots for this period are 11 for ARIZONA Coyotes vs 6 for VEGAS Golden Knights.

3rd period


0:01 of 3rd period - Auston Matthews wins face-off versus Colton Sissons in neutral zone.
0:24 of 3rd period - Nick Bonino is hit by Alex Killorn and loses puck.
1:12 of 3rd period - Off-side.
1:13 of 3rd period - Ryan Nugent-Hopkins wins face-off versus Sebastian Aho in neutral zone.
1:38 of 3rd period - Shot by Rickard Rakell.
1:38 of 3rd period - Shot Misses the Net.
2:11 of 3rd period - Olli Maatta is hit by Artemi Panarin and loses puck.
2:19 of 3rd period - Sebastian Aho is hit by Jonas Siegenthaler.
2:33 of 3rd period - Shot by Sam Reinhart.
2:33 of 3rd period - Goal by Sam Reinhart - ARIZONA Coyotes : 4 - VEGAS Golden Knights : 0.
2:33 of 3rd period - Pyotr Kochetkov enters game.
2:34 of 3rd period - Colton Sissons wins face-off versus Frederick Gaudreau in neutral zone.
2:50 of 3rd period - Shot by Michael Bunting.
2:50 of 3rd period - Shot Misses the Net.
3:02 of 3rd period - Shot by Adam Larsson.
3:02 of 3rd period - Stopped by Andrei Vasilevskiy without a rebound.
3:03 of 3rd period - Mikael Granlund wins face-off versus Auston Matthews in ARIZONA Coyotes zone.
3:36 of 3rd period - Minor Penalty to Brenden Dillon for Tripping.
3:37 of 3rd period - Colton Sissons wins face-off versus Sam Reinhart in VEGAS Golden Knights zone.
3:51 of 3rd period - Shot by Roman Josi.
3:51 of 3rd period - Stopped by Pyotr Kochetkov with a rebound.
3:53 of 3rd period - Shot by Sam Reinhart.
3:53 of 3rd period - Stopped by Pyotr Kochetkov without a rebound.
3:54 of 3rd period - Colton Sissons wins face-off versus Auston Matthews in VEGAS Golden Knights zone.
4:07 of 3rd period - Shot by Ryan Nugent-Hopkins.
4:07 of 3rd period - Shot Misses the Net.
4:09 of 3rd period - Shot by Mark Scheifele.
4:09 of 3rd period - Stopped by Pyotr Kochetkov without a rebound.
4:10 of 3rd period - Auston Matthews wins face-off versus Colton Sissons in VEGAS Golden Knights zone.
4:10 of 3rd period - Auston Matthews is hit by Adam Larsson.
4:13 of 3rd period - Artemi Panarin is hit by Noah Hanifin and loses puck.
4:23 of 3rd period - Icing by Artemi Panarin.
4:24 of 3rd period - Auston Matthews wins face-off versus Colton Sissons in ARIZONA Coyotes zone.
4:50 of 3rd period - Auston Matthews is hit by Sebastian Aho and loses puck.
5:10 of 3rd period - Icing by Sam Reinhart.
5:11 of 3rd period - Colton Sissons wins face-off versus Sam Reinhart in ARIZONA Coyotes zone.
5:22 of 3rd period - Shot by Ryan Hartman.
5:22 of 3rd period - Goal by Ryan Hartman - ARIZONA Coyotes : 5 - VEGAS Golden Knights : 0.
5:23 of 3rd period - Sebastian Aho wins face-off versus Brandon Sutter in neutral zone.
5:34 of 3rd period - Alec Martinez is hit by Sebastian Aho.
5:35 of 3rd period - Minor Penalty to Sebastian Aho for Boarding.
5:36 of 3rd period - Colton Sissons wins face-off versus Mark Scheifele in VEGAS Golden Knights zone.
5:47 of 3rd period - Shot by Ryan Nugent-Hopkins.
5:47 of 3rd period - Stopped by Pyotr Kochetkov without a rebound.
5:48 of 3rd period - Auston Matthews wins face-off versus Colton Sissons in VEGAS Golden Knights zone.
6:15 of 3rd period - Shot by Ryan Nugent-Hopkins.
6:15 of 3rd period - Stopped by Pyotr Kochetkov without a rebound.
6:16 of 3rd period - Sam Reinhart wins face-off versus Noel Acciari in VEGAS Golden Knights zone.
6:33 of 3rd period - Shot by Michael Bunting.
6:33 of 3rd period - Shot Misses the Net.
7:01 of 3rd period - Icing by Scott Mayfield.
7:02 of 3rd period - Noel Acciari wins face-off versus Sam Reinhart in ARIZONA Coyotes zone.
8:43 of 3rd period - Minor Penalty to Adam Larsson for Roughing.
8:44 of 3rd period - Auston Matthews wins face-off versus Colton Sissons in VEGAS Golden Knights zone.
8:57 of 3rd period - Shot by Roman Josi.
8:57 of 3rd period - Shot Misses the Net.
9:04 of 3rd period - Icing by Auston Matthews.
9:05 of 3rd period - Mark Scheifele wins face-off versus Colton Sissons in ARIZONA Coyotes zone.
9:47 of 3rd period - Sebastian Aho is hit by Ryan Hartman and loses puck.
10:00 of 3rd period - Shot by Scott Mayfield.
10:00 of 3rd period - Stopped by Pyotr Kochetkov with a rebound.
10:45 of 3rd period - Icing by Roman Josi.
10:46 of 3rd period - Brandon Sutter wins face-off versus Sebastian Aho in ARIZONA Coyotes zone.
10:46 of 3rd period - Brandon Sutter is hit by Sebastian Aho.
10:51 of 3rd period - Pierre-Edouard Bellemare is hit by Sebastian Aho and loses puck.
11:14 of 3rd period - Shot by Pierre-Edouard Bellemare.
11:14 of 3rd period - Stopped by Pyotr Kochetkov without a rebound.
11:15 of 3rd period - Noel Acciari wins face-off versus Mark Scheifele in VEGAS Golden Knights zone.
11:47 of 3rd period - Mark Scheifele is hit by Noah Hanifin and loses puck.
11:50 of 3rd period - Shot by Roman Josi.
11:50 of 3rd period - Stopped by Pyotr Kochetkov without a rebound.
11:51 of 3rd period - Mikael Granlund wins face-off versus Auston Matthews in VEGAS Golden Knights zone.
12:02 of 3rd period - Auston Matthews is hit by Alex Killorn and loses puck.
12:04 of 3rd period - Minor Penalty to Jared McCann for Tripping.
12:05 of 3rd period - Auston Matthews wins face-off versus Colton Sissons in VEGAS Golden Knights zone.
12:09 of 3rd period - Shot by Ryan Nugent-Hopkins.
12:09 of 3rd period - Stopped by Pyotr Kochetkov without a rebound.
12:10 of 3rd period - Colton Sissons wins face-off versus Auston Matthews in VEGAS Golden Knights zone.
12:23 of 3rd period - Shot by Alex Killorn.
12:23 of 3rd period - Stopped by Andrei Vasilevskiy without a rebound.
12:24 of 3rd period - Sam Reinhart wins face-off versus Colton Sissons in ARIZONA Coyotes zone.
12:29 of 3rd period - Shot by Scott Mayfield.
12:29 of 3rd period - Deflect By Ryan Hartman.
12:29 of 3rd period - Shot Misses the Net.
12:31 of 3rd period - Shot by Scott Mayfield.
12:31 of 3rd period - Stopped by Pyotr Kochetkov without a rebound.
12:32 of 3rd period - Colton Sissons wins face-off versus Auston Matthews in VEGAS Golden Knights zone.
13:03 of 3rd period - Shot by Artemi Panarin.
13:03 of 3rd period - Deflect By Mark Scheifele.
13:03 of 3rd period - Stopped by Pyotr Kochetkov with a rebound.
13:05 of 3rd period - Shot by Roman Josi.
13:05 of 3rd period - Stopped by Pyotr Kochetkov without a rebound.
13:06 of 3rd period - Rickard Rakell wins face-off versus Noel Acciari in VEGAS Golden Knights zone.
13:06 of 3rd period - Rickard Rakell is hit by Adam Larsson.
13:14 of 3rd period - Shot by Michael Bunting.
13:14 of 3rd period - Shot Misses the Net.
13:21 of 3rd period - Icing by Ryan Hartman.
13:22 of 3rd period - Sam Reinhart wins face-off versus Colton Sissons in ARIZONA Coyotes zone.
13:36 of 3rd period - Shot by Ryan Hartman.
13:36 of 3rd period - Shot Misses the Net.
13:46 of 3rd period - Shot by Scott Mayfield.
13:46 of 3rd period - Deflect By Ryan Hartman.
13:46 of 3rd period - Shot Hit the Post.
13:48 of 3rd period - Shot by Scott Mayfield.
13:48 of 3rd period - Stopped by Pyotr Kochetkov with a rebound.
13:50 of 3rd period - Shot by Michael Bunting.
13:50 of 3rd period - Shot Misses the Net.
13:52 of 3rd period - Shot by Sam Reinhart.
13:52 of 3rd period - Stopped by Pyotr Kochetkov without a rebound.
13:53 of 3rd period - Auston Matthews wins face-off versus Sebastian Aho in VEGAS Golden Knights zone.
14:13 of 3rd period - Tomas Tatar is hit by Jonas Siegenthaler and loses puck.
14:25 of 3rd period - Pierre-Edouard Bellemare is hit by Brenden Dillon and loses puck.
15:05 of 3rd period - Shot by Artemi Panarin.
15:05 of 3rd period - Shot Blocked by Tony DeAngelo.
15:08 of 3rd period - Sam Reinhart is hit by Adam Larsson and loses puck.
15:25 of 3rd period - Shot by Noel Acciari.
15:25 of 3rd period - Stopped by Andrei Vasilevskiy with a rebound.
16:01 of 3rd period - Shot by Mikey Anderson.
16:01 of 3rd period - Stopped by Pyotr Kochetkov without a rebound.
16:02 of 3rd period - Mark Scheifele wins face-off versus Colton Sissons in VEGAS Golden Knights zone.
16:03 of 3rd period - Shot by Ryan Nugent-Hopkins.
16:03 of 3rd period - Shot Misses the Net.
16:19 of 3rd period - Shot by Colton Sissons.
16:19 of 3rd period - Stopped by Andrei Vasilevskiy without a rebound.
16:20 of 3rd period - Mikael Granlund wins face-off versus Frederick Gaudreau in ARIZONA Coyotes zone.
16:45 of 3rd period - Shot by Frederick Gaudreau.
16:45 of 3rd period - Stopped by Pyotr Kochetkov without a rebound.
16:46 of 3rd period - Colton Sissons wins face-off versus Mark Scheifele in VEGAS Golden Knights zone.
17:00 of 3rd period - Icing by Rickard Rakell.
17:01 of 3rd period - Mikael Granlund wins face-off versus Mark Scheifele in ARIZONA Coyotes zone.
17:31 of 3rd period - Icing by Noah Hanifin.
17:32 of 3rd period - Auston Matthews wins face-off versus Mikael Granlund in VEGAS Golden Knights zone.
17:52 of 3rd period - Icing by Mikey Anderson.
17:53 of 3rd period - Colton Sissons wins face-off versus Sam Reinhart in ARIZONA Coyotes zone.
18:13 of 3rd period - Minor Penalty to Filip Chytil for Interference.
18:14 of 3rd period - Sam Reinhart wins face-off versus Alex Killorn in VEGAS Golden Knights zone.
18:14 of 3rd period - Sam Reinhart is hit by Olli Maatta.
18:22 of 3rd period - Shot by Sam Reinhart.
18:22 of 3rd period - Shot Misses the Net.
18:24 of 3rd period - Shot by Ryan Nugent-Hopkins.
18:24 of 3rd period - Shot Misses the Net.
18:26 of 3rd period - Shot by Ryan Nugent-Hopkins.
18:26 of 3rd period - Shot Misses the Net.
18:29 of 3rd period - Ryan Hartman is hit by Olli Maatta and loses puck.
18:46 of 3rd period - Shot by Sam Reinhart.
18:46 of 3rd period - Shot Misses the Net.
18:48 of 3rd period - Shot by Roman Josi.
18:48 of 3rd period - Shot Misses the Net.
18:50 of 3rd period - Shot by Ryan Hartman.
18:50 of 3rd period - Deflect By Sam Reinhart.
18:50 of 3rd period - Shot Blocked by Colton Sissons.
Goals for this period are 2 for ARIZONA Coyotes vs 0 for VEGAS Golden Knights.
Shots for this period are 18 for ARIZONA Coyotes vs 4 for VEGAS Golden Knights. Output by the SimonT Hockey Simulator (STHS) for Martin Benoit - Original Page W3C HTML5 Valid
Hockey Simulator - Hockey Simulation - Hockey Manager